 Dungeon Crawl Stone Soup version bcrawl-1.22-25-g67c3e499a2 (webtiles) character file.

Game seed: 6870930685844015073

72870 pasperui the Nimble (level 15, 0/120 HPs)
             Began as a Gnoll Reaver on May 18, 2020.
             Was a High Priest of Vehumet.
             Killed from afar by an orc wizard (8 damage)
             ... with a puff of flame
             ... led by an orc knight
             ... on level 12 of the Dungeon.
             The game lasted 01:47:46 (18664 turns).

pasperui the Nimble (Gnoll Reaver)                 Turns: 18664, Time: 01:47:46

Health: 0/120      AC: 11    Str: 18    XL:     15   Next: 41%
Magic:  14/30      EV: 22    Int: 19    God:    Vehumet [*****.]
Gold:   1577       SH:  0    Dex: 13    Spells: 11/36 levels left

rFire    . . .     SeeInvis +   U - +13 scythe of Curses {drain, *Curse} (curse)
rCold    . . .     Gourm    +   (shield currently unavailable)
rNeg     . . .     Faith    .   b - +0 steam dragon scales (curse)
rPois    +         Spirit   .   l - +1 hat {SInv} (curse)
rElec    .         Reflect  .   x - +0 cloak (curse)
rCorr    .         Harm     .   (no gloves)
MR       +....     Clarity  +   L - +0 pair of boots (curse)
Stlth    ++++......             q - amulet of the gourmand (curse)
HPRegen  0.30/turn              A - +3 ring of evasion (curse)
MPRegen  0.22/turn              Y - ring of see invisible (curse)

@: very slightly contaminated
A: distributed training, fangs 1, clarity, poison resistance, MP-powered wands,
strong nose
a: Renounce Religion


You were on level 12 of the Dungeon.
You worshipped Vehumet.
Vehumet was extremely pleased with you.
You were very full.

You visited 2 branches of the dungeon, and saw 18 of its levels.
You also visited: Ossuary and Gauntlet.

You collected 1577 gold pieces.

Inventory:

Hand Weapons
 k - the cursed +8 whip "Snakebite" {curare, rPois}
   (You found it on level 1 of the Lair of Beasts)

   It poisons the flesh of those it strikes.
   It protects you from poison.
   It has a curse placed upon it.
 w - the cursed +8 eveningstar "Miamar" {drain, rC+ Int+4}
   (You found it in a Gauntlet)

   A truly terrible weapon, it drains the life of those it strikes.
   It affects your intelligence (+4).
   It protects you from cold.
   It has a curse placed upon it.
 G - the cursed +7 great mace "Undeadhunter" {disrupt, rN+}
   (You took it off a minotaur in a Gauntlet)

   It protects you from negative energy.
   It has a curse placed upon it.
 U - the cursed +13 scythe of Curses (weapon) {drain, *Curse}
   (You found it on level 7 of the Dungeon)

   A truly terrible weapon, it drains the life of those it strikes.
   It curses itself when equipped.
   It has a curse placed upon it.
Armour
 b - cursed +0 steam dragon scales (worn)
 l - a cursed +1 hat of see invisible (worn)
 x - a cursed +0 cloak (worn)
 E - cursed +1 ice dragon scales
 L - a cursed +0 pair of boots (worn)
Jewellery
 f - the cursed ring "Tyiset" {rPois rF+ rN+ MR++ Dex+4, unknown}
   (You found it on level 4 of the Lair of Beasts)

   [ring of positive energy]

   It affects your dexterity (+4).
   It protects you from fire.
   It protects you from poison.
   It protects you from negative energy.
   It affects your resistance to hostile enchantments.
   It has a curse placed upon it.
 j - a cursed ring of fire
 q - a cursed amulet of the gourmand (around neck)
 y - a cursed ring of protection from cold {unknown}
 A - a cursed +3 ring of evasion (left hand)
 R - a cursed ring of flight
 Y - a cursed ring of see invisible (right hand)
Wands
 a - a wand of enslavement (6)
 d - a wand of random effects (30)
 i - a wand of paralysis (23)
 s - a wand of polymorph (10)
 u - a wand of disintegration (7)
 J - a wand of flame (17)
 V - a wand of iceblast (15)
 Z - a wand of digging (6)
Scrolls
 g - a scroll of blinking
 h - 7 scrolls of teleportation
 n - 4 scrolls of fog
 v - 2 scrolls of enchant armour
 B - 2 scrolls of magic mapping
 D - 8 scrolls of remove curse
 H - 2 scrolls of acquirement
 I - a scroll of enchant weapon {unknown}
 M - 4 scrolls of fear {unknown}
 N - 3 scrolls of amnesia
 T - a scroll of noise {unknown}
 W - a scroll of vulnerability {unknown}
Potions
 c - 3 potions of cancellation
 m - 4 potions of invisibility
 o - 6 potions of magic
 p - 2 potions of brilliance
 r - 4 potions of lignification {unknown}
 t - a potion of ambrosia
 z - a potion of berserk rage {unknown}
 C - 8 potions of curing
 K - a potion of haste
 O - a potion of might
 P - 2 potions of agility
 Q - 2 potions of flight {unknown}
 S - 2 potions of mutation
 X - 2 potions of degeneration {unknown}
Comestibles
 e - 35 rations {!d}


   Skills:
 + Level 11.6 Fighting
 + Level 9.9 Short Blades
 + Level 11.6 Long Blades
 + Level 9.9 Axes
 + Level 9.9 Maces & Flails
 + Level 9.9 Polearms
 + Level 9.9 Staves
 + Level 9.9 Slings
 + Level 9.9 Bows
 + Level 9.9 Crossbows
 + Level 9.9 Throwing
 + Level 9.9 Armour
 + Level 11.6 Dodging
 + Level 9.9 Stealth
 + Level 9.9 Shields
 + Level 9.9 Unarmed Combat
 + Level 11.0 Spellcasting
 + Level 8.3 Conjurations
 + Level 8.3 Hexes
 + Level 8.3 Charms
 + Level 8.3 Summonings
 + Level 8.3 Necromancy
 + Level 8.3 Translocations
 + Level 8.3 Transmutations
 + Level 8.3 Fire Magic
 + Level 8.3 Ice Magic
 + Level 8.3 Air Magic
 + Level 8.3 Earth Magic
 + Level 8.3 Poison Magic
 + Level 10.7 Invocations
 + Level 9.9 Evocations


You had 11 spell levels left.
You knew the following spells:

 Your Spells              Type           Power        Failure   Level  Hunger
a - Flame Tongue          Conj/Fire      #####        1%          1    None
b - Mephitic Cloud        Conj/Pois/Air  #####...     1%          3    None
c - Sticky Flame          Conj/Fire      #####...     1%          4    ##.....
d - Fireball              Conj/Fire      #####.....   1%          5    ####...
e - Conjure Flame         Conj/Fire      #####...     1%          3    None
f - Bolt of Magma         Conj/Fire/Erth #####.....   1%          5    ####...
g - Ice Form              Ice/Tmut       #####...     2%          4    ##.....

Your spell library contained the following spells:

 Spells                   Type           Power        Failure   Level  Hunger
 Conjure Ball Lightning   Conj/Air       #####.....   10%         6    ######.
 Sandblast                Erth           #####.       1%          1    None
 Flaming Arrows           Chrm/Fire      #####...     1%          2    None
 Passwall                 Tmut/Erth      #####...     1%          2    None
 Inner Flame              Hex/Fire       N/A          1%          3    None
 Stone Arrow              Conj/Erth      #####.       1%          3    None
 Iskenderun's Battlesphe  Conj/Chrm      #####...     1%          5    ####...
 Lee's Rapid Deconstruct  Erth           #####.....   1%          5    ####...
 Petrify                  Tmut/Erth      #####...     2%          4    ##.....
 Tree Form                Hex/Tmut       N/A          2%          4    ##.....
 Metabolic Englaciation   Hex/Ice        #####.....   6%          5    ####...
 Bolt of Cold             Conj/Ice       #####.....   10%         6    ######.
 Iron Shot                Conj/Erth      #####.....   10%         6    ######.
 Ozocubu's Refrigeration  Ice            #####.....   10%         6    ######.
 Poison Arrow             Conj/Pois      #####.....   10%         6    ######.
 Darkness                 Hex            #####.....   34%         6    ######.
 Freezing Cloud           Ice/Air        #####.....   34%         6    ######.
 Invisibility             Hex            #####...     34%         6    ######.
 Simulacrum               Ice/Necr       #####.....   34%         6    ######.
 Mana Rupture             Conj/Hex       #####.....   43%         7    #######
 Orb of Destruction       Conj           #####.....   43%         7    #######
 Spellforged Servitor     Conj/Summ      #####.....   43%         7    #######


Dungeon Overview and Level Annotations

Branches:
Dungeon (12/12)            Temple (0/1) D:6            Lair (6/6) D:9
  Swamp (0/3) Lair:2        Snake (0/3) Lair:4        Slime (0/5) Lair:5
 Vaults (0/3) D:11
    Orc: D:8-11      Depths: D:12

Altars:
Nemelex Xobeh
Okawaru
Sif Muna
Trog
Jiyva

Annotations:
D:3 Sigmund
Lair:1 exclusion: 2 oklob plants


Innate Abilities, Weirdness & Mutations

Your experience applies equally to all skills.
You have very sharp teeth.
Your uncanny sense of smell can sniff out nearby items.
You possess an exceptional clarity of mind.
Your system is resistant to poisons. (rPois)
You expend magic power (3 MP) to strengthen your wands.


Message History

The orc knight roars a battlecry!
The orcs go into a battle-frenzy!
The orc wizard no longer looks unusually strong.
The orc wizard gestures at you while chanting.
The puff of flame hits you.
* * * LOW HITPOINT WARNING * * *
Casting: Sticky Flame (safe; 1% risk of failure)
Confirm with . or Enter, or press ? or * to list all spells.
Aiming: Conjure Flame (safe; 1% risk of failure)
Press: ? - help, Dir - move target cursor, f - orc wizard
Aim: an orc wizard, wielding a +0 dagger and wearing a +1 robe of positive energy (slightly transparent)
Okay, then.
Casting: Conjure Flame (safe; 1% risk of failure)
Confirm with . or Enter, or press ? or * to list all spells.
Aiming: Conjure Flame (safe; 1% risk of failure)
Press: ? - help, Dir - move target cursor The fire ignites!
The orc wizard casts a spell at you. The puff of flame hits you!
You die...

####$$$$.###.8..##
####.Z########......##
#...So.Z.oS..........#
#.##o########o..####.#
#(##ยง# #..........#
#.##.# #.##........
#.##.## #. #########
#.#...#####.#
#...#@.......
###...#####.# ##.##
#.# #.# #.#
##########.#
###..........#
.........#####


You could see an orc wizard (invisible) and an adder.

Vanquished Creatures
  A stone giant (D:8)
  A minotaur (Gauntlet)
  Josephine (Lair:4)
  2 vault guards
  Fannar (Lair:3)
  Harold (D:8)
  3 ice dragons
  A two-headed ogre (D:10)
  A centaur warrior (D:8)
  7 hydras
  A death knight (D:8)
  Erica (D:10)
  4 catoblepae (Lair:6)
  8 death yaks (Lair:6)
  An unseen horror (D:10)
  A lindwurm (Lair:6)
  3 cyclopes
  3 necromancers (D:11)
  An ugly thing (D:8)
  A wizard (D:11)
  3 manticores
  4 elephants (Lair:4)
  An ice statue (Lair:4)
  A moth of wrath (Gauntlet)
  Maurice (D:8)
  6 black mambas
  4 cane toads
  Joseph (D:8)
  A torpor snail (Lair:6)
  2 rime drakes
  3 kobold demonologists (D:9)
  An efreet (D:8)
  16 komodo dragons
  A harpy zombie (D:12)
  4 trolls
  2 polar bears (Lair:4)
  15 blink frogs
  3 hippogriffs
  2 hornets
  Grinder (D:3)
  14 dream sheep
  7 shadows
  51 yaks
  3 wraiths (Lair:4)
  A wyvern (Lair:2)
  2 basilisks
  A hungry ghost (D:6)
  17 humans
  A steam dragon (Lair:3)
  4 swamp worms (Lair:2)
  6 crocodiles
  10 water moccasins
  10 porcupines
  A hornet zombie (D:10)
  15 ice beasts
  4 black bears
  7 orc warriors
  7 sky beasts
  2 necrophages (D:9)
  7 ogres
  A phantom (D:4)
  10 wolves
  3 centaurs
  6 elf zombies (Ossuary)
  3 big kobolds
  9 bullfrogs
  A gnoll sergeant (D:8)
  A water moccasin zombie (D:5)
  2 wyvern zombies
  3 scorpions
  9 killer bees
  5 small abominations (Gauntlet)
  A howler monkey (D:8)
  12 wights
  An electric eel (Lair:4)
  4 crimson imps
  6 centaur zombies
  3 human zombies (Ossuary)
  A jelly (D:5)
  2 hounds
  11 orc wizards
  A bullfrog skeleton (D:7)
  6 orc priests
  4 iguanas
  Ijyb (D:3)
  Natasha (thrice) (D:3)
  5 worker ants
  3 killer bee zombies
  2 hound zombies
  3 mummies (Ossuary)
  3 worker ant zombies
  18 gnolls
  13 adders
  4 shadow imps
  A white imp (Lair:4)
  An ooze (D:1)
  6 adder skeletons
  2 worms
  4 dart slugs
  8 leopard geckos
  32 orcs
  3 bats
  3 giant cockroaches
  3 goblins (D:1)
  8 hobgoblins
  5 jackals
  13 kobolds
  5 frilled lizards
  3 rats
542 creatures vanquished.

Vanquished Creatures (collateral kills)
  The ghost of jojo4K the Cleaver, a journeyman SDBe of Trog (Lair:2)
  2 cane toads (Lair:2)
  An orc (D:8)
  A plant (Lair:2)
5 creatures vanquished.

Vanquished Creatures (others)
  6 fungi
  26 plants
32 creatures vanquished.

Grand Total: 579 creatures vanquished

Notes
Turn   | Place    | Note
-------+----------+-------------------------------------------
     0 | D:1      | pasperui the Gnoll Reaver began the quest for the Orb.
     0 | D:1      | Reached XP level 1. HP: 23/23 MP: 6/6
   105 | D:1      | Reached XP level 2. HP: 29/29 MP: 7/7
   470 | D:1      | Reached * piety under Vehumet
   470 | D:1      | Offered knowledge of Magic Dart by Vehumet.
   485 | D:1      | Reached XP level 3. HP: 34/35 MP: 9/9
   529 | D:1      | Reached skill level 5 in Spellcasting
   806 | D:2      | Reached skill level 1 in Invocations
  1393 | D:2      | Reached skill level 1 in Short Blades
  1393 | D:2      | Reached skill level 1 in Axes
  1393 | D:2      | Reached skill level 1 in Maces & Flails
  1393 | D:2      | Reached skill level 1 in Polearms
  1393 | D:2      | Reached skill level 1 in Staves
  1393 | D:2      | Reached skill level 1 in Slings
  1393 | D:2      | Reached skill level 1 in Bows
  1393 | D:2      | Reached skill level 1 in Crossbows
  1393 | D:2      | Reached skill level 1 in Throwing
  1393 | D:2      | Reached skill level 1 in Armour
  1393 | D:2      | Reached skill level 1 in Stealth
  1393 | D:2      | Reached skill level 1 in Shields
  1393 | D:2      | Reached skill level 1 in Unarmed Combat
  1393 | D:2      | Reached skill level 1 in Evocations
  1393 | D:2      | Reached XP level 4. HP: 37/41 MP: 11/11
  1603 | D:3      | Noticed Sigmund
  1684 | D:3      | Reached skill level 1 in Conjurations
  1684 | D:3      | Reached skill level 1 in Hexes
  1684 | D:3      | Reached skill level 1 in Charms
  1684 | D:3      | Reached skill level 1 in Summonings
  1684 | D:3      | Reached skill level 1 in Necromancy
  1684 | D:3      | Reached skill level 1 in Translocations
  1684 | D:3      | Reached skill level 1 in Transmutations
  1684 | D:3      | Reached skill level 1 in Fire Magic
  1684 | D:3      | Reached skill level 1 in Ice Magic
  1684 | D:3      | Reached skill level 1 in Air Magic
  1684 | D:3      | Reached skill level 1 in Earth Magic
  1684 | D:3      | Reached skill level 1 in Poison Magic
  1689 | D:3      | Reached XP level 5. HP: 47/47 MP: 12/12
  1714 | D:3      | Noticed Ijyb
  1732 | D:3      | Killed Ijyb
  1790 | D:3      | Noticed Grinder
  1796 | D:3      | Noticed Natasha
  1810 | D:3      | Killed Natasha
  1952 | D:3      | Paralysed by Grinder for 4 turns
  1961 | D:3      | Killed Grinder
  1961 | D:3      | Reached XP level 6. HP: 11/53 MP: 14/14
  2221 | D:3      | Noticed Natasha
  2234 | D:3      | Killed Natasha
  2261 | D:3      | Noticed Natasha
  2272 | D:3      | Killed Natasha
  2288 | D:2      | Reached XP level 7. HP: 44/59 MP: 15/15
  2318 | D:2      | Reached ** piety under Vehumet
  2320 | D:2      | Offered knowledge of Flame Tongue by Vehumet.
  2328 | D:2      | Learned a level 1 spell: Flame Tongue
  3283 | D:5      | Entered Level 5 of the Dungeon
  3416 | D:5      | Reached XP level 8. HP: 64/67 MP: 16/16
  3995 | D:5      | Offered knowledge of Mephitic Cloud by Vehumet.
  4000 | D:5      | Learned a level 3 spell: Mephitic Cloud
  4710 | D:6      | Reached XP level 9. HP: 72/72 MP: 18/18
  4718 | D:6      | Found a staircase to the Ecumenical Temple.
  4730 | D:6      | Reached *** piety under Vehumet
  4838 | D:6      | Learned a level 4 spell: Sticky Flame
  4844 | D:6      | Learned a level 5 spell: Fireball
  4847 | D:6      | Found a sand-covered staircase.
  4851 | Ossuary  | Entered an ossuary
  4902 | Ossuary  | Learned a level 3 spell: Conjure Flame
  5055 | Ossuary  | Offered knowledge of Iskenderun's Mystic Blast by Vehumet.
  5733 | D:6      | Reached skill level 5 in Invocations
  5761 | D:6      | Reached **** piety under Vehumet
  6239 | D:7      | Noticed a troll
  6240 | D:7      | Reached XP level 10. HP: 73/80 MP: 14/20
  6252 | D:7      | Offered knowledge of Ignite Poison by Vehumet.
  6273 | D:7      | Found the cursed +13 scythe of Curses {drain, *Curse}
  6459 | D:7      | Reached skill level 5 in Short Blades
  6459 | D:7      | Reached skill level 5 in Axes
  6459 | D:7      | Reached skill level 5 in Maces & Flails
  6459 | D:7      | Reached skill level 5 in Polearms
  6459 | D:7      | Reached skill level 5 in Staves
  6459 | D:7      | Reached skill level 5 in Slings
  6459 | D:7      | Reached skill level 5 in Bows
  6459 | D:7      | Reached skill level 5 in Crossbows
  6459 | D:7      | Reached skill level 5 in Throwing
  6459 | D:7      | Reached skill level 5 in Armour
  6459 | D:7      | Reached skill level 5 in Stealth
  6459 | D:7      | Reached skill level 5 in Shields
  6459 | D:7      | Reached skill level 5 in Unarmed Combat
  6459 | D:7      | Reached skill level 5 in Evocations
  6865 | D:7      | Noticed a manticore
  6880 | D:7      | Killed a manticore
  7103 | D:8      | Noticed a centaur warrior
  7114 | D:8      | Killed a centaur warrior
  7277 | D:8      | Noticed Maurice
  7289 | D:8      | Killed Maurice
  7289 | D:8      | Reached XP level 11. HP: 85/87 MP: 14/22
  7319 | D:8      | Noticed a purple ugly thing
  7336 | D:8      | Killed a purple ugly thing
  7336 | D:8      | Reached ***** piety under Vehumet
  7336 | D:8      | Offered knowledge of Bolt of Magma by Vehumet.
  7343 | D:8      | Learned a level 5 spell: Bolt of Magma
  7356 | D:8      | Found a large runed door.
  7357 | D:8      | Found a large runed door.
  7389 | D:8      | Noticed a death knight
  7394 | D:8      | Noticed a stone giant
  7402 | D:8      | HP: 1/87 [stone giant/large rock (25)]
  7768 | D:8      | Killed a stone giant
  7768 | D:8      | Reached skill level 5 in Conjurations
  7768 | D:8      | Reached skill level 5 in Hexes
  7768 | D:8      | Reached skill level 5 in Charms
  7768 | D:8      | Reached skill level 5 in Summonings
  7768 | D:8      | Reached skill level 5 in Necromancy
  7768 | D:8      | Reached skill level 5 in Translocations
  7768 | D:8      | Reached skill level 5 in Transmutations
  7768 | D:8      | Reached skill level 5 in Fire Magic
  7768 | D:8      | Reached skill level 5 in Ice Magic
  7768 | D:8      | Reached skill level 5 in Air Magic
  7768 | D:8      | Reached skill level 5 in Earth Magic
  7768 | D:8      | Reached skill level 5 in Poison Magic
  7968 | D:8      | Noticed Joseph
  7975 | D:8      | Killed Joseph
  8112 | D:8      | Killed a death knight
  8394 | D:9      | Found an iron altar of Okawaru.
  8433 | D:8      | Noticed Harold
  8455 | D:8      | Killed Harold
  8781 | D:8      | Found a sparkling altar of Nemelex Xobeh.
  8786 | D:8      | Found a shimmering blue altar of Sif Muna.
  8939 | D:9      | Found a bloodstained altar of Trog.
  9038 | D:9      | Noticed a cyclops
  9050 | D:9      | Killed a cyclops
  9155 | D:9      | Reached XP level 12. HP: 95/96 MP: 9/24
  9267 | D:9      | Found a staircase to the Lair.
  9520 | Lair:1   | Entered Level 1 of the Lair of Beasts
  9763 | Lair:1   | Gained mutation: You have sharp fingernails. [potion of
                  | mutation]
  9763 | Lair:1   | Gained mutation: You are agile. (Dex +2) [potion of
                  | mutation]
  9763 | Lair:1   | Gained mutation: You are somewhat resistant to further
                  | mutation. [potion of mutation]
 10257 | Lair:1   | Found the +8 whip "Snakebite" {curare, rPois}
 10626 | Lair:1   | Lost mutation: You have sharp fingernails. [potion of
                  | mutation]
 10626 | Lair:1   | Lost mutation: You are agile. (Dex +2) [potion of mutation]
 10627 | Lair:1   | Lost mutation: You are somewhat resistant to further
                  | mutation. [potion of mutation]
 10627 | Lair:1   | Gained mutation: Scrolls take you a little longer to read.
                  | [potion of mutation]
 10627 | Lair:1   | Gained mutation: You are frail. (-10% HP) [potion of
                  | mutation]
 10627 | Lair:1   | Gained mutation: You have extremely sharp teeth. [potion of
                  | mutation]
 10628 | Lair:1   | Lost mutation: Scrolls take you a little longer to read.
                  | [potion of mutation]
 10628 | Lair:1   | Lost mutation: You are frail. (-10% HP) [potion of
                  | mutation]
 10628 | Lair:1   | Lost mutation: You have extremely sharp teeth. [potion of
                  | mutation]
 10628 | Lair:1   | Gained mutation: Your spells are a little easier to cast,
                  | but a little less powerful. [potion of mutation]
 10628 | Lair:1   | Gained mutation: You are robust. (+10% HP) [potion of
                  | mutation]
 10628 | Lair:1   | Gained mutation: You have large cloven feet. [potion of
                  | mutation]
 10629 | Lair:1   | Lost mutation: You are robust. (+10% HP) [potion of
                  | mutation]
 10629 | Lair:1   | Lost mutation: Your spells are a little easier to cast, but
                  | a little less powerful. [potion of mutation]
 10629 | Lair:1   | Lost mutation: You have large cloven feet. [potion of
                  | mutation]
 10629 | Lair:1   | Gained mutation: You possess an exceptional clarity of
                  | mind. [potion of mutation]
 10629 | Lair:1   | Gained mutation: Your system is resistant to poisons.
                  | (rPois) [potion of mutation]
 10629 | Lair:1   | Gained mutation: You expend magic power (3 MP) to
                  | strengthen your wands. [potion of mutation]
 11178 | Lair:2   | Found a runed translucent gate.
 11178 | Lair:2   | Found a runed translucent gate.
 11178 | Lair:2   | Noticed jojo4K's ghost (journeyman SDBe)
 11178 | Lair:2   | Noticed a six-headed hydra
 11179 | Lair:2   | Found a runed translucent gate.
 11582 | Lair:3   | Offered knowledge of Throw Icicle by Vehumet.
 11599 | Lair:3   | Noticed a four-headed hydra
 11606 | Lair:3   | Killed a four-headed hydra
 11754 | Lair:3   | Reached skill level 10 in Fighting
 11754 | Lair:3   | Reached skill level 10 in Long Blades
 11754 | Lair:3   | Reached skill level 10 in Dodging
 12179 | Lair:3   | Reached XP level 13. HP: 103/103 MP: 17/26
 12240 | Lair:3   | Noticed Fannar
 12255 | Lair:3   | Killed Fannar
 12416 | Lair:4   | Noticed an ice dragon
 12566 | Lair:4   | Found a staircase to the Snake Pit.
 12666 | Lair:4   | Found a gate leading to a gauntlet.
 12677 | Lair:4   | Noticed Josephine
 12684 | Gauntlet | Entered a Gauntlet
 12684 | Gauntlet | Found a transporter.
 12693 | Gauntlet | Found a transporter.
 12708 | Gauntlet | Found a transporter.
 12714 | Gauntlet | Found a transporter.
 12728 | Gauntlet | Noticed a green death
 12729 | Gauntlet | Found a transporter.
 12748 | Gauntlet | Found a transporter.
 12760 | Gauntlet | Found a transporter.
 12774 | Gauntlet | Learned a level 4 spell: Ice Form
 12777 | Gauntlet | Found a transporter.
 12789 | Gauntlet | Found a transporter.
 12801 | Gauntlet | Found a transporter.
 12818 | Gauntlet | Found a transporter.
 12835 | Gauntlet | Found a transporter.
 12837 | Gauntlet | Found a transporter.
 12870 | Gauntlet | Found a transporter.
 12895 | Gauntlet | Found a transporter.
 12896 | Gauntlet | Found a transporter.
 13069 | Gauntlet | Found a transporter.
 13079 | Gauntlet | Found a transporter.
 13230 | Gauntlet | Got a twisted eveningstar
 13334 | Gauntlet | Noticed a minotaur
 13346 | Gauntlet | Killed a minotaur
 13363 | Gauntlet | Identified the Papyrus of Hexes
 13449 | Lair:4   | Killed Josephine
 13682 | Lair:4   | Got a smoking chain mail
 13767 | Lair:5   | Got a crystal rapier
 13965 | Lair:4   | Killed an ice dragon
 14368 | Lair:4   | Got a glittering platinum ring
 14544 | Lair:6   | Entered Level 6 of the Lair of Beasts
 14558 | Lair:6   | Offered knowledge of Bolt of Fire by Vehumet.
 14579 | Lair:6   | Reached skill level 10 in Spellcasting
 14654 | Lair:6   | Reached XP level 14. HP: 111/111 MP: 4/28
 14879 | Lair:6   | Identified a scroll of acquirement
 15569 | Lair:6   | Reached skill level 10 in Invocations
 15635 | Lair:6   | Found the +9 staff of Olgreb {rPois}
 16120 | Lair:5   | Found a viscous altar of Jiyva.
 16120 | Lair:5   | Found a staircase to the Slime Pits.
 16560 | Lair:2   | Offered knowledge of Venom Bolt by Vehumet.
 16614 | Lair:2   | Found a staircase to the Swamp.
 16926 | Lair:2   | Killed jojo4K's ghost
 17249 | D:10     | Entered Level 10 of the Dungeon
 17299 | D:10     | Reached XP level 15. HP: 119/119 MP: 29/29
 17707 | D:10     | Noticed Erica
 17717 | D:10     | Killed Erica
 18300 | D:11     | Offered knowledge of Conjure Ball Lightning by Vehumet.
 18323 | D:11     | Found a gate to the Vaults.
 18416 | D:11     | Identified the cursed +8 eveningstar "Miamar" {drain, rC+
                  | Int+4} (You found it in a Gauntlet)
 18537 | D:12     | Entered Level 12 of the Dungeon
 18640 | D:12     | HP: 4/120 [orc wizard/puff of flame[an orc knight] (9)]
 18664 | D:12     | Killed from afar by an orc wizard

Skill      XL: |  1  2  3  4  5  6  7  8  9 10 11 12 13 14 15 |
---------------+----------------------------------------------+-----
Spellcasting   | 5 6 7 8 9 10 11 | 11.0
Invocations    | 1 2 3 4 5 6 7 8 9 10 | 10.7
Short Blades   | 1 2 3 4 5 6 7 8 9 |  9.9
Axes           | 1 2 3 4 5 6 7 8 9 |  9.9
Maces & Flails | 1 2 3 4 5 6 7 8 9 |  9.9
Polearms       | 1 2 3 4 5 6 7 8 9 |  9.9
Staves         | 1 2 3 4 5 6 7 8 9 |  9.9
Slings         | 1 2 3 4 5 6 7 8 9 |  9.9
Bows           | 1 2 3 4 5 6 7 8 9 |  9.9
Crossbows      | 1 2 3 4 5 6 7 8 9 |  9.9
Throwing       | 1 2 3 4 5 6 7 8 9 |  9.9
Armour         | 1 2 3 4 5 6 7 8 9 |  9.9
Stealth        | 1 2 3 4 5 6 7 8 9 |  9.9
Shields        | 1 2 3 4 5 6 7 8 9 |  9.9
Unarmed Combat | 1 2 3 4 5 6 7 8 9 |  9.9
Evocations     | 1 2 3 4 5 6 7 8 9 |  9.9
Conjurations   | 1 2 3 4 5 6 7 8 |  8.3
Hexes          | 1 2 3 4 5 6 7 8 |  8.3
Charms         | 1 2 3 4 5 6 7 8 |  8.3
Summonings     | 1 2 3 4 5 6 7 8 |  8.3
Necromancy     | 1 2 3 4 5 6 7 8 |  8.3
Translocations | 1 2 3 4 5 6 7 8 |  8.3
Transmutations | 1 2 3 4 5 6 7 8 |  8.3
Fire Magic     | 1 2 3 4 5 6 7 8 |  8.3
Ice Magic      | 1 2 3 4 5 6 7 8 |  8.3
Air Magic      | 1 2 3 4 5 6 7 8 |  8.3
Earth Magic    | 1 2 3 4 5 6 7 8 |  8.3
Poison Magic   | 1 2 3 4 5 6 7 8 |  8.3
Fighting       | 7 8 9 10 11 | 11.6
Long Blades    | 7 8 9 10 11 | 11.6
Dodging        | 7 8 9 10 11 | 11.6

Action                   |  1- 3 |  4- 6 |  7- 9 | 10-12 | 13-15 || total
-------------------------+-------+-------+-------+-------+-------++-------
Melee: Long sword        |    95 |    27 |   251 |       |       ||   373
       Bite              |    10 |     6 |    41 |    22 |    52 ||   131
       Dagger            |       |    44 |    27 |       |       ||    71
       Unarmed           |       |    10 |       |       |       ||    10
       Punch             |       |     1 |     3 |       |       ||     4
       Trident           |       |       |    13 |       |       ||    13
       Falchion          |       |       |    11 |    10 |       ||    21
       Scythe            |       |       |       |   278 |   465 ||   743
Throw: Tomahawk          |       |     1 |       |     1 |       ||     2
 Cast: Flame Tongue      |       |       |   241 |   166 |   181 ||   588
       Conjure Flame     |       |       |    10 |     5 |     7 ||    22
       Mephitic Cloud    |       |       |     5 |    57 |    49 ||   111
       Fireball          |       |       |       |    15 |    33 ||    48
       Bolt of Magma     |       |       |       |    16 |    54 ||    70
       Sticky Flame      |       |       |       |    18 |    11 ||    29
       Ice Form          |       |       |       |       |     1 ||     1
 Abil: End Transformatio |       |       |       |       |     1 ||     1
  Use: Potion            |       |     3 |       |    12 |     6 ||    21
       Scroll            |       |       |       |     9 |    12 ||    21
 Stab: Sleeping          |     4 |       |     5 |     6 |     3 ||    18
       Confused          |       |       |     1 |    13 |    14 ||    28
       Distracted        |       |       |       |     1 |     1 ||     2
       Paralysed         |       |       |       |     1 |       ||     1
       Invisible         |       |       |       |     2 |     4 ||     6
  Eat: Chunk             |     1 |     3 |    13 |    26 |    34 ||    77
       Ration            |       |       |       |     1 |     4 ||     5
Armor: Steam dragon scal |    26 |     8 |    56 |    90 |   139 ||   319
Dodge: Dodged            |    68 |    70 |   262 |   351 |   671 ||  1422
Block: Other             |       |     2 |    18 |       |       ||    20
